 Dungeon Sprint DCSS version 0.19.0-18-g426998a (webtiles) character file.

1967 equalderp2856 the Ripper (level 9, -6/64 HPs)
             Began as a Felid Fighter on Nov 11, 2016.
             Mangled by a death cob (12 damage)
             ... in the Dungeon (Sprint VII: "The Pits").
             The game lasted 00:15:52 (3191 turns).

equalderp2856 the Ripper (Felid Fighter)            Turns: 3191, Time: 00:15:53

Health: -6/64      AC:  5    Str: 19    XL:     9   Next: 0%
Magic:  10/10      EV: 32    Int:  9    God:
Gold:   0          SH:  0    Dex: 21    Spells: 0 memorised, 8 levels left
                                        Lives:  0   Deaths: 2

rFire  . . .     SeeInvis +       - Unarmed
rCold  . . .     Gourm    .     (armour unavailable)
rNeg   . . .     Faith    .     (shield unavailable)
rPois  .         Spirit   .     (helmet unavailable)
rElec  .         Reflect  .     (cloak unavailable)
rCorr  .         Harm     .     (gloves unavailable)
MR     +....     NoTele   +     (boots unavailable)
Stlth  ..........               (no amulet)
                                i - +3 ring of dexterity
                                k - +3 ring of protection

@: berserking, slowed, quick
A: no armour, no weapons or thrown items, stealth, claws 1, fangs 3, see
invisible, carnivore 3, speed 1, shaggy fur 2, slow metabolism 1, sharp paws
a: no special abilities


You were in the Dungeon.
You were not hungry.

You visited 1 branch

Inventory:

Hand Weapons
 r - a +0 rapier
Armour
 s - a +0 robe
Jewellery
 i - a +3 ring of dexterity (right paw)
 k - a +3 ring of protection (left paw)
Scrolls
 o - 3 scrolls of remove curse
 p - 5 scrolls of amnesia
Potions
 a - 3 potions of might
 c - 7 potions of curing
 e - a potion of haste
 f - 4 potions of magic
 g - 2 potions of berserk rage
 j - 2 potions of brilliance
 l - a potion of agility
 m - a potion of cure mutation
 n - 2 potions of invisibility
Comestibles
 b - a meat ration


   Skills:
 + Level 7.4 Fighting
 + Level 13.6 Dodging
 * Level 16.9 Stealth
 + Level 18.8 Unarmed Combat


You had 8 spell levels left.
You didn't know any spells.

Dungeon Overview and Level Annotations

Branches:
Dungeon (1/1)

Altars:
Ashenzari
Cheibriados
Dithmenos
Elyvilon
Fedhas
Gozag
Hepliaklqana
Kikubaaqudgha
Makhleb
Nemelex Xobeh
Okawaru
Qazlal
Ru
Sif Muna
Trog
Uskayaw
Vehumet
Xom
Yredelemnul
Zin
The Shining One
Beogh
Jiyva
Lugonu


Innate Abilities, Weirdness & Mutations

You cannot wear armour.
You are incapable of wielding weapons or throwing items.
Your paws allow you to move quietly. (Stealth)
You have sharp claws.
You have razor-sharp teeth.
You have supernaturally acute eyesight. (SInv)
You are carnivorous and can eat meat at any time.
You cover ground quickly.
You are covered in thick fur. (AC +2)
You have a slow metabolism.
Your sharp claws are effective at attacking unaware monsters.


Message History

The two-headed ogre completely misses you.
The two-headed ogre misses you. The death cob misses you.
Your small abomination hits the death cob!!
The death cob hits your small abomination!!
Your small abomination is destroyed!
The death cob misses you. The death cob barely misses you.
You claw the death cob! You bite the death cob.
The death cob is almost destroyed.
The death cob hits you.
* * * LOW HITPOINT WARNING * * *
The death cob drains your vigour!
You feel as though you will be slow longer.
The death cob closely misses you. The two-headed ogre misses you.
The two-headed ogre completely misses you.
A red film seems to cover your vision as you go berserk!
You feel yourself moving faster!
You feel mighty! The death cob misses you. x2
The death cob hits you but does no damage.
The two-headed ogre completely misses you. x2
The death cob hits you!
You die...

)#####'#####......#†.#......#
)#..#..#[[##........O.......#
.#..'..#))#####'#####''######
.#..####))##....†..##'§# #######
.#..#..#))##.......##O.# #..()§.
.#..#..#..##.......##..# #..#'#§.
.##'#..#'###...<...##..##..##.##§
†#........##....Oz.##..##.##...##
.#........##....@..##(.####.....#
'###########.......##.O.##.D....#
.......#..###########...D)......'
.......#.############...##......#
...#...#÷#....#..[[##..####.....#
..###..#'#....#..[[##..##.##...##
...#...#.÷....'..))##..##..##.##.
.......#'#....#..))##..###.÷#'#..
.......'.#....#..))##..# ##......


You could see a death cob and a two-headed ogre.

Vanquished Creatures
  Erolcha (D)
  A merfolk aquamancer (D)
  A smoke demon (D)
  A gargoyle (D)
  A spiny frog (D)
  A komodo dragon (D)
  An ice devil (D)
  A troll (D)
  A polar bear (D)
  A bog body (D)
  An air elemental (D)
  3 water elementals (D)
  A shadow (D)
  A wraith (D)
  A wyvern (D)
  5 yaks (D)
  A hungry ghost (D)
  3 vampire mosquitoes (D)
  A steam dragon (D)
  A water moccasin (D)
  A sky beast (D)
  2 black bears (D)
  An orc warrior (D)
  A necrophage (D)
  2 ogres (D)
  7 wolves (D)
  A centaur (D)
  A bullfrog (D)
  A jelly (D)
  A quasit (D)
  3 hounds (D)
  An orc wizard (D)
  3 ufetubi (D)
  2 oozes (D)
  2 orcs (D)
  A bat (D)
  A goblin (D)
  3 hobgoblins (D)
  A ball python (D)
  A rat (D)
64 creatures vanquished.

Notes
Turn   | Place    | Note
-------+----------+-------------------------------------------
     0 | D        | equalderp2856 the Felid Fighter began the quest for the Orb.
     0 | D        | Reached XP level 1. HP: 10/10 MP: 2/2
    24 | D        | Reached skill level 1 in Stealth
    24 | D        | Reached skill level 5 in Unarmed Combat
    24 | D        | Reached XP level 2. HP: 14/14 MP: 3/3
    63 | D        | Reached skill level 5 in Dodging
   266 | D        | Noticed a wolf
   280 | D        | Killed a wolf
   280 | D        | Reached skill level 7 in Unarmed Combat
   280 | D        | Reached XP level 3. HP: 9/18 MP: 4/4
   280 | D        | Reached XP level 4. HP: 11/22 MP: 5/5
   282 | D        | Reached skill level 5 in Stealth
   464 | D        | Reached skill level 8 in Unarmed Combat
   464 | D        | Reached XP level 5. HP: 21/25 MP: 6/6
   527 | D        | Noticed a hungry ghost
   527 | D        | Noticed a necrophage
   527 | D        | Noticed an orc warrior
   569 | D        | Killed an orc warrior
   569 | D        | Reached skill level 5 in Fighting
   569 | D        | Reached skill level 9 in Unarmed Combat
   649 | D        | Killed a necrophage
   649 | D        | Reached skill level 10 in Unarmed Combat
   649 | D        | Gained mutation: You are covered in thick fur. (AC +2) [Felid growth]
   649 | D        | Reached XP level 6. HP: 21/29 MP: 7/7
   753 | D        | Noticed a sky beast
  1061 | D        | Killed a sky beast
  1061 | D        | Reached skill level 11 in Unarmed Combat
  1107 | D        | Killed a hungry ghost
  1107 | D        | Reached XP level 7. HP: 23/33 MP: 8/8
  1217 | D        | Reached skill level 12 in Unarmed Combat
  1224 | D        | Reached skill level 10 in Stealth
  1336 | D        | Noticed a polar bear
  1336 | D        | Noticed a vampire mosquito
  1336 | D        | Noticed a vampire mosquito
  1336 | D        | Noticed a vampire mosquito
  1362 | D        | Killed a polar bear
  1362 | D        | Reached skill level 10 in Dodging
  1362 | D        | Reached skill level 13 in Unarmed Combat
  1362 | D        | Reached XP level 8. HP: 29/38 MP: 9/9
  1384 | D        | Reached skill level 14 in Unarmed Combat
  1621 | D        | Found a radiant altar of Vehumet.
  1621 | D        | Found a hide-covered altar of Uskayaw.
  1621 | D        | Found an ancient bone altar of Kikubaaqudgha.
  1621 | D        | Found a viscous altar of Jiyva.
  1621 | D        | Found a hazy altar of Hepliaklqana.
  1622 | D        | Found a bloodstained altar of Trog.
  1622 | D        | Found a deep blue altar of Sif Muna.
  1622 | D        | Found a sacrificial altar of Ru.
  1622 | D        | Found a stormy altar of Qazlal.
  1622 | D        | Found an iron altar of Okawaru.
  1622 | D        | Found a sparkling altar of Nemelex Xobeh.
  1622 | D        | Found an opulent altar of Gozag.
  1622 | D        | Found a blossoming altar of Fedhas.
  1622 | D        | Found a white marble altar of Elyvilon.
  1622 | D        | Found a shadowy altar of Dithmenos.
  1622 | D        | Found a snail-covered altar of Cheibriados.
  1623 | D        | Found a glowing golden altar of the Shining One.
  1623 | D        | Found a glowing silver altar of Zin.
  1625 | D        | Found a roughly hewn altar of Beogh.
  1625 | D        | Found a burning altar of Makhleb.
  1625 | D        | Found a basalt altar of Yredelemnul.
  1626 | D        | Found a shattered altar of Ashenzari.
  1626 | D        | Found a corrupted altar of Lugonu.
  1626 | D        | Found a shimmering altar of Xom.
  1732 | D        | Reached XP level 9. HP: 36/41 MP: 10/10
  1786 | D        | Reached skill level 15 in Unarmed Combat
  1789 | D        | Noticed a merfolk aquamancer
  1793 | D        | Killed a merfolk aquamancer
  1793 | D        | Reached skill level 16 in Unarmed Combat
  1869 | D        | Noticed a gargoyle
  1869 | D        | Noticed Erolcha
  1869 | D        | Noticed a komodo dragon
  1869 | D        | Noticed a smoke demon
  1912 | D        | Killed a komodo dragon
  1923 | D        | Killed a gargoyle
  2144 | D        | Reached XP level 10. HP: 46/46 MP: 11/11
  2145 | D        | Noticed a spiny frog
  2151 | D        | Reached skill level 17 in Unarmed Combat
  2225 | D        | Reached skill level 15 in Stealth
  2230 | D        | Killed a spiny frog
  2336 | D        | Reached skill level 18 in Unarmed Combat
  2358 | D        | Killed a smoke demon
  2895 | D        | Killed Erolcha
  3100 | D        | Noticed a death cob
  3135 | D        | Demolished by a death cob
  3136 | D        | Reached XP level 9. HP: -19/43 MP: 10/10
  3166 | D        | Mangled by a death cob
  3167 | D        | Reached XP level 8. HP: -8/40 MP: 9/9
  3172 | D        | Reached XP level 9. HP: 43/43 MP: 10/10
  3191 | D        | Mangled by a death cob

Skill      XL: |  1  2  3  4  5  6  7  8  9 10 |
---------------+-------------------------------+-----
Stealth        | 1 4 5 8 9 10 12 14 16 | 16.9
Unarmed Combat | 5 7 8 10 11 13 14 16 18 | 18.8
Dodging        | 6 8 9 10 11 12 13 | 13.6
Fighting       | 4 5 6 7 |  7.4

Action                   |  1- 3 |  4- 6 |  7- 9 | 10-12 || total
-------------------------+-------+-------+-------+-------++-------
Melee: Unarmed           |    23 |    50 |   106 |    81 ||   260
       Bite              |     1 |     6 |    15 |    10 ||    32
       Punch             |       |     4 |     8 |    10 ||    22
  Use: Potion            |     1 |     1 |     2 |     5 ||     9
       Scroll            |       |       |     1 |     1 ||     2
 Stab: Sleeping          |       |       |     5 |     3 ||     8
  Eat: Chunk             |       |     3 |     6 |     4 ||    13
Armor: Skin              |     1 |       |     6 |     5 ||    12
Dodge: Dodged            |    26 |    26 |   114 |    93 ||   259
